Map: Ascension to Aiur LE

Players

Uberpwnzorz

  • Race: Zerg Zerg
  • League: Diamond
  • Spawn Location: 11:00

Hoplite - Winner!

  • Race: Protoss Protoss
  • League: Diamond
  • Spawn Location: 5:00

VOD

Have the link to the VOD?

Description

Time

  • Played on: Nov. 27, 2017, 7:49 p.m.
  • Length: 16:49
Show
View Real Time Build Order
Export as new Build Order

Uberpwnzorz Zerg 

Build Orders: Hatch First, Lurkers 

Get SALT Encoding   

  12  0:01  Drone  
  13  0:12  Overlord  
  13  0:17  Drone  
  14  0:30  Drone  
  14  0:31  Drone  
  16  0:36  Drone  
  17  0:53  Hatchery  
  17  0:56  Drone  
  17  1:00  Drone  
  18  1:04  Extractor  
  17  1:17  Spawning Pool  
  16  1:36  Drone x3  
  19  1:52  Overlord  
  19  2:05  Queen x2  
  23  2:08  Drone x2  
  23  2:12  Zergling x2  
  26  2:24  Drone x2  
  28  2:47  Hatchery  
  27  2:54  Lair  
  27  2:56  Metabolic Boost  
  27  2:58  Drone  
  28  3:00  Drone  
  28  3:02  Drone  
  28  3:05  Drone  
  31  3:08  Drone  
  31  3:10  Drone  
  33  3:15  Overlord  
  32  3:23  Drone  
  32  3:24  Overlord  
  33  3:35  Queen  
  33  3:36  Drone  
  33  3:37  Drone x2  
  33  3:38  Drone  
  39  3:52  Drone x5  
  44  3:58  Hydralisk Den  
  43  4:06  Overseer  
  43  4:11  Extractor  
  43  4:12  Extractor  
  43  4:13  Extractor  
  43  4:14  Drone  
  43  4:15  Drone x8  
  49  4:21  Spore Crawler  
  48  4:25  Spore Crawler  
  48  4:29  Spore Crawler  
  48  4:30  Overseer  
  46  4:52  Evolution Chamber  
  45  4:58  Lurker Den  
  44  5:07  Drone  
  44  5:08  Drone x12  
  57  5:17  Overlord x5  
  57  5:18  Overlord  
  57  5:25  Pneumatized Carapace  
  57  5:36  Hydralisk x6  
  69  5:59  Drone x10, Extractor  
  69  6:00  Extractor  
  69  6:01  Overlord x3  
  77  6:24  Lurker x4  
  81  6:30  Drone  
  81  6:31  Drone x6  
  88  6:39  Overseer  
  88  6:49  Hatchery  
  88  6:51  Hydralisk x3  
  88  6:52  Hydralisk x5  
  103  6:59  Baneling Nest  
  102  7:09  Zergling x16  
  102  7:10  Zergling x8  
  114  7:27  Hydralisk  
  114  7:28  Hydralisk x6  
  114  7:29  Overlord  
  128  7:30  Overlord x2  
  128  7:31  Overlord  
  125  8:06  Zergling x2  
  125  8:07  Zergling x28  
  125  8:22  Drone  
  125  8:23  Drone x4  
  130  8:52  Drone x2  
  130  8:53  Drone x6  
  138  8:56  Spire  
  138  9:02  Zerg Ground Armor Level 1, Infestation Pit  
  136  9:04  Evolution Chamber  
  136  9:08  Queen  
  136  9:09  Extractor  
  136  9:10  Extractor  
  136  9:16  Hydralisk x7  
  137  9:22  Centrifical Hooks  
  149  9:24  Muscular Augments  
  149  9:25  Overlord x2, Hatchery  
  149  9:27  Overlord x3  
  149  9:28  Overlord  
  148  9:50  Hydralisk x6  
  148  9:51  Hydralisk x7  
  137  10:00  Hydralisk  
  137  10:01  Hydralisk x4  
  141  10:17  Zergling x12  
  147  10:33  Lurker x3  
  147  10:34  Lurker x2  
  146  10:36  Corruptor  
  146  10:37  Corruptor x8  
  164  10:43  Baneling x7  
  164  10:45  Zergling x8  
  168  11:05  Corruptor  
  168  11:06  Corruptor x4  
  168  11:10  Drone x7  
  185  11:12  Zergling x2  
  185  11:13  Zergling x6  
  187  11:38  Hydralisk x10  
  187  11:39  Hydralisk  
  199  11:44  Extractor  
  199  11:45  Extractor  
  161  12:00  Zergling x26  
  161  12:01  Zergling x8  
  157  12:12  Drone  
  157  12:13  Drone x4  
  157  12:14  Queen  
  152  12:28  Drone x10  
  162  12:33  Drone  
  117  13:00  Hydralisk x4  
  117  13:01  Hydralisk x10  
  127  13:07  Spine Crawler  
  127  13:10  Spine Crawler  
  125  13:14  Spine Crawler  
  125  13:16  Zerg Ground Armor Level 2  
  120  13:23  Lurker x3  
  120  13:25  Drone  
  120  13:26  Drone x3  
  127  13:35  Overseer x2  
  127  13:43  Queen  
  131  13:56  Drone x8  
  131  14:00  Zerg Missile Weapons Level 1  
  139  14:05  Zergling x2  
  139  14:06  Zergling x18  
  146  14:21  Hatchery  
  145  14:26  Hive  
  145  14:27  Hatchery  
  105  14:59  Hydralisk  
  98  15:00  Hydralisk x12  
  124  15:22  Pathogen Glands  
  98  15:47  Overseer x2  
  98  15:48  Overseer  
  95  15:53  Drone  
  95  15:54  Spine Crawler, Drone x14  
  95  15:55  Spine Crawler x3  
  88  16:19  Hydralisk  
  88  16:20  Swarm Host  
  88  16:22  Hydralisk x6  
Show
View Real Time Build Order
Export as new Build Order

Hoplite Protoss - Winner!

Build Orders: 1 Gate Expand, Colossus Rush 

Get SALT Encoding   

  12  0:00  Probe  
  13  0:13  Probe  
  14  0:19  Pylon  
  14  0:25  Probe  
  15  0:37  Probe (Chrono Boost)  
  15  0:39  Gateway  
  16  0:45  Assimilator  
  16  0:49  Probe (Chrono Boost)  
  17  0:55  Probe (Chrono Boost)  
  18  1:03  Probe  
  19  1:15  Probe  
  20  1:26  Nexus  
  20  1:35  Probe  
  20  1:39  Cybernetics Core  
  21  1:44  Assimilator  
  21  1:51  Probe  
  22  1:59  Pylon  
  22  2:04  Probe (Chrono Boost)  
  23  2:18  Probe (Chrono Boost), Robotics Facility  
  23  2:19  Warp Gate  
  25  2:30  Probe (Chrono Boost)  
  25  2:34  Probe (Chrono Boost), Shield Battery  
  25  2:35  Adept  
  28  2:45  Probe (Chrono Boost)  
  30  2:55  Probe (Chrono Boost)  
  30  2:56  Twilight Council, Probe (Chrono Boost)  
  30  2:57  Probe  
  32  2:59  Probe  
  33  3:07  Observer  
  33  3:11  Probe  
  33  3:12  Probe  
  36  3:23  Probe  
  36  3:24  Probe  
  38  3:31  Robotics Bay  
  38  3:35  Probe  
  38  3:37  Probe  
  38  3:38  Assimilator  
  40  3:42  Assimilator  
  40  3:49  Immortal  
  40  3:51  Zealot  
  46  3:58  Pylon  
  46  4:16  Probe  
  47  4:19  Nexus  
  47  4:23  Probe  
  48  4:28  Probe, Pylon  
  48  4:29  Immortal  
  53  4:35  Probe, Pylon  
  53  4:36  Extended Thermal Lance  
  54  4:46  Probe  
  54  4:47  Charge (Chrono Boost)  
  54  4:52  Probe  
  56  4:58  Probe  
  57  5:01  Forge  
  57  5:04  Gateway, Probe  
  58  5:07  Stalker  
  58  5:08  Gateway  
  58  5:10  Probe  
  61  5:19  Gateway  
  61  5:23  Gateway  
  61  5:25  Gateway  
  61  5:26  Probe  
  62  5:35  Pylon  
  64  5:43  Colossus  
  64  5:44  Adept  
  70  5:51  Shield Battery  
  70  5:55  Gateway  
  70  6:00  Photon Cannon  
  70  6:01  Shield Battery  
  70  6:04  Gateway  
  70  6:06  Gateway  
  70  6:12  Probe x2 (Chrono Boost)  
  70  6:14  Probe (Chrono Boost)  
  73  6:20  Protoss Ground Weapons Level 1  
  73  6:23  Probe x3 (Chrono Boost)  
  73  6:24  Blink  
  76  6:28  Sentry x3  
  84  6:40  Probe (Chrono Boost)  
  84  6:41  Probe (Chrono Boost)  
  84  6:43  Probe (Chrono Boost)  
  84  6:46  Colossus (Chrono Boost)  
  91  6:57  Probe x2  
  93  7:05  Pylon  
  93  7:07  Nexus  
  93  7:08  Photon Cannon  
  93  7:14  Photon Cannon  
  93  7:23  Probe x2  
  93  7:26  Stalker x3  
  101  7:31  Pylon  
  101  7:32  Pylon  
  101  7:33  Pylon  
  101  7:47  Observer  
  101  7:48  Colossus (Chrono Boost)  
  107  7:55  Zealot x5  
  107  7:56  Zealot x4  
  110  8:19  Resonating Glaives  
  84  8:29  Zealot x6  
  95  8:34  Probe x2  
  95  8:35  Probe x2  
  95  8:36  Observer (Chrono Boost)  
  95  8:39  Protoss Ground Weapons Level 2 (Chrono Boost)  
  100  8:46  Probe, Pylon  
  100  8:47  Probe x3  
  104  8:48  Pylon  
  104  8:53  Pylon  
  104  8:58  Probe  
  104  8:59  Probe x3  
  104  9:00  Colossus (Chrono Boost)  
  114  9:09  Observer Gravitic Boosters  
  114  9:11  Probe x2  
  114  9:12  Probe  
  117  9:17  Probe, Robotics Facility  
  117  9:19  Assimilator  
  117  9:23  Assimilator, Probe  
  119  9:25  Assimilator  
  119  9:28  Assimilator  
  119  9:30  Photon Cannon, Probe x2  
  121  9:32  Photon Cannon  
  121  9:35  Shield Battery  
  121  9:38  Photon Cannon x2  
  121  9:40  Shield Battery  
  121  9:44  Immortal (Chrono Boost)  
  125  9:58  Pylon  
  107  10:02  Zealot x6  
  107  10:03  Pylon, Zealot x3  
  116  10:21  Observer  
  117  10:30  Zealot x4  
  117  10:31  Zealot x5  
  135  10:37  Colossus (Chrono Boost)  
  135  10:41  Colossus (Chrono Boost)  
  147  10:48  Probe  
  147  10:49  Probe x3  
  151  11:00  Probe  
  151  11:01  Probe x2  
  154  11:15  Photon Cannon  
  154  11:17  Photon Cannon  
  154  11:24  Stalker  
  156  11:29  Pylon  
  156  11:31  Immortal, Pylon  
  156  11:32  Pylon  
  154  11:35  Immortal  
  139  11:59  Stalker x5  
  139  12:00  Stalker x4  
  155  12:07  Protoss Ground Weapons Level 3  
  153  12:10  Immortal  
  153  12:14  Immortal  
  153  12:15  Photon Cannon  
  149  12:17  Photon Cannon  
  149  12:21  Pylon  
  145  12:32  Probe x2  
  145  12:33  Probe  
  145  12:35  Templar Archives  
  148  12:37  Dark Shrine  
  148  12:41  Zealot x3  
  148  12:42  Zealot x4  
  111  13:10  Immortal x2  
  119  13:14  Nexus  
  119  13:18  Photon Cannon  
  119  13:20  Photon Cannon  
  119  13:32  Probe  
  120  13:35  Probe  
  120  13:36  Psionic Storm  
  120  13:40  Gravitic Drive  
  121  13:44  Probe  
  121  13:46  Forge  
  121  13:47  Probe  
  123  13:49  Warp Prism x2 (Chrono Boost)  
  127  13:56  Probe  
  128  14:08  Probe  
  127  14:12  High Templar x8  
  127  14:15  Observer  
  127  14:16  Observer  
  145  14:33  Zealot  
  141  14:39  Archon x2  
  141  14:44  Dark Templar x4  
  141  14:45  Dark Templar x2  
  137  14:50  Observer  
  118  15:03  Observer (Chrono Boost)  
  118  15:04  Zealot x2  
  118  15:05  Zealot  
  125  15:11  Observer (Chrono Boost)  
  126  15:17  Zealot x5  
  126  15:18  Zealot  
  136  15:24  Observer (Chrono Boost)  
  138  15:29  Probe x3  
  138  15:30  Probe x2  
  138  15:32  Observer (Chrono Boost)  
  138  15:34  Dark Templar x3  
  138  15:35  Immortal  
  151  15:37  Dark Templar x4  
  151  15:38  Zealot x4  
  151  15:41  Probe x2  
  155  15:43  Immortal  
  155  15:53  Probe x2  
  155  15:55  Pylon  
  155  15:56  Probe x2  
  155  15:57  Probe, Pylon  
  160  16:00  Pylon  
  149  16:23  Zealot  
  149  16:24  Zealot x8  
  161  16:46  Archon  
  161  16:47  Archon x2  
  159  16:48  Archon  
Tags
 
Add a new tag
Caveats
  • Supply blocks, unpowered buildings, or Contaminate may cause inaccurate times.
  • Supply counts are checked every 10 seconds.